AoeStats
← MeowMe

Arena

508926625Analyzed
4v4 RM · 6d ago on Sep 24, 2026· 41m 4s· 8 players
Game mode
Random Map
Map size
Large (8 player)
Population
200
Speed
Normal
Resources
Standard
Victory
Conquest
Starting age
Dark Age
Ending age
Imperial Age
RankedLock teamsTeams togetherTeam positionsShared explorationLock speedFull tech treeHidden civsTurbo modeCheats
Victory
Defeat
🇹🇼 Danes · Taiwan
1884
+6
🇹🇼 Saxons · Taiwan
1794
+8
🇹🇼 Magyars · Taiwan
1717
+11
🇹🇼 Persians · Taiwan
1601
+16
🇫🇷 Mongols · France
1680
-13
🇷🇺 Saxons · Russia
1662
-12
🇧🇾 Danes · Belarus
1611
-10
🇬🇪 Slavs · Georgia
1484
-6
OLADUSHEK
0:28 Loom
10:08 Feudal Age
11:14 Double-Bit Axe
13:43 Castle Age
11:40 Horse Collar
14:36 Bow Saw
15:40 Scale Mail Armor
15:51 Gold Mining
17:04 Loom
21:02 Wheelbarrow
25:40 Imperial Age
25:05 Gold Shaft Mining
25:13 Squires
26:24 Chain Mail Armor
27:40 Plate Mail Armor
28:02 Forging
28:45 Hand Cart
29:16 Loom
30:47 Iron Casting
31:06 Heavy Plow
31:33 Conscription
34:31 Blast Furnace
33:57 Masonry
34:46 Ballistics
34:19 Fletching
35:55 Town Watch
36:21 Heavy Scorpion
39:51 Chemistry
SiraZaika
10:22 Feudal Age
8:59 Loom
11:55 Double-Bit Axe
14:33 Castle Age
12:50 Horse Collar
15:27 Fletching
17:35 Bodkin Arrow
20:13 Town Watch
21:26 Scale Mail Armor
21:37 Forging
28:29 Imperial Age
26:54 Bow Saw
28:07 Pikeman
29:07 Chain Mail Armor
29:18 Bracer
33:36 Chain Mail Armor
33:59 Wheelbarrow
34:57 Hand Cart
34:46 Gold Mining
34:59 Padded Archer Armor
35:17 Chain Mail Armor
35:13 Stone Mining
36:33 Iron Casting
36:04 Padded Archer Armor
35:28 Elite Skirmisher
36:18 Padded Archer Armor
36:49 Conscription
37:04 Plate Mail Armor
38:57 Fortified Wall
39:11 Ballistics
38:14 Elite Skirmisher
40:12 Leather Archer Armor
新手玩家
9:01 Feudal Age
13:10 Castle Age
11:12 Double-Bit Axe
11:48 Horse Collar
19:00 Bow Saw
22:28 Heavy Plow
22:31 Loom
23:59 Wheelbarrow
27:49 Imperial Age
25:51 Hand Cart
27:01 Bloodlines
26:52 Husbandry
27:00 Scale Barding Armor
27:00 Gold Mining
27:01 Stone Mining
28:07 Chain Barding Armor
27:58 Forging
28:15 Elite Steppe Lancer
31:34 Stone Shaft Mining
33:42 Iron Casting
34:06 Fletching
34:39 Ballistics
35:23 Conscription
34:59 Bodkin Arrow
36:01 Gold Shaft Mining
35:51 Drill
35:05 Light Cavalry
35:29 Elite Mangudai
36:15 Bracer
36:28 Padded Archer Armor
36:55 Thumb Ring
37:17 Parthian Tactics
38:05 Leather Archer Armor
37:28 Hussar
37:44 Capped Ram
39:36 Chemistry
39:56 Town Watch
MeowMe
11:48 Feudal Age
15:57 Castle Age
14:05 Double-Bit Axe
14:02 Horse Collar
17:34 Bow Saw
18:03 Bow Saw
21:30 Wheelbarrow
23:40 Hand Cart
25:13 Loom
25:14 Town Watch
28:09 Imperial Age
25:28 Loom
26:06 Stone Mining
26:06 Gold Mining
26:36 Fortified Wall
27:03 Scale Mail Armor
27:13 Forging
26:27 Man-at-Arms
26:28 Pikeman
27:08 Squires
27:31 Long Swordsman
28:33 Chain Mail Armor
28:46 Two-Handed Swordsman
28:47 Halberdier
30:15 Gold Shaft Mining
30:39 Plate Mail Armor
30:44 Iron Casting
30:51 Town Patrol
31:37 Druzhina
31:57 Conscription
32:08 Champion
34:59 Hoardings
34:26 Detinets
37:23 Fletching
DYS.K
10:18 Feudal Age
11:41 Double-Bit Axe
11:40 Horse Collar
14:28 Castle Age
15:36 Wheelbarrow
15:12 Bow Saw
22:45 Stone Mining
22:52 Gold Mining
24:49 Loom
25:20 Hand Cart
25:45 Scale Barding Armor
29:51 Imperial Age
28:17 Chain Barding Armor
28:08 Forging
28:42 Bloodlines
28:33 Husbandry
29:29 Gold Shaft Mining
34:11 Town Watch
36:18 Stone Shaft Mining
36:03 Heavy Camel Rider
37:22 Plate Barding Armor
36:20 Cavalier
38:46 Iron Casting
38:08 Town Watch
39:13 Savar
42:30 Blast Furnace
GKT_Cloud
9:53 Feudal Age
13:38 Castle Age
11:25 Horse Collar
12:09 Double-Bit Axe
14:40 Bow Saw
21:33 Loom
22:32 Wheelbarrow
22:51 Gold Mining
27:23 Imperial Age
25:32 Scale Mail Armor
25:42 Forging
26:00 Hand Cart
26:17 Squires
25:47 Man-at-Arms
26:30 Gambesons
26:32 Arson
27:06 Chain Mail Armor
26:54 Heavy Plow
26:47 Long Swordsman
26:59 Hamask
27:52 Two-Handed Swordsman
29:09 Iron Casting
30:16 Plate Mail Armor
29:28 Champion
32:04 Blast Furnace
30:55 Town Watch
31:46 Gold Shaft Mining
31:02 Stone Mining
33:01 Conscription
33:44 Onager
34:30 Siege Engineers
34:35 Masonry
35:40 Chemistry
36:12 Siege Onager
40:35 Coinage
40:05 Caravan
39:53 Northmen's Fury
40:59 Fletching
Albis
10:48 Feudal Age
14:28 Castle Age
12:45 Double-Bit Axe
13:05 Horse Collar
17:22 Bow Saw
24:10 Town Watch
25:28 Wheelbarrow
25:25 Gold Mining
26:00 Loom
29:23 Imperial Age
28:03 Hand Cart
27:41 Fletching
28:13 Ballistics
28:23 Bodkin Arrow
28:29 Padded Archer Armor
30:17 Bracer
30:37 Heavy Cavalry Archer
32:42 Leather Archer Armor
33:31 Chemistry
32:42 Husbandry
32:55 Bloodlines
33:43 Recurve Bow
34:07 Conscription
34:43 Heavy Plow
35:17 Masonry
35:24 Siege Engineers
36:08 Corvinian Army
37:07 Parthian Tactics
36:51 Thumb Ring
39:01 Scale Barding Armor
40:02 Chain Barding Armor
40:13 Coinage
39:09 Elite Magyar Huszar
41:46 Banking
[LuB]a61
10:32 Feudal Age
11:06 Double-Bit Axe
14:05 Castle Age
11:51 Horse Collar
15:12 Bow Saw
20:18 Loom
21:08 Town Watch
22:02 Wheelbarrow
26:04 Imperial Age
23:51 Fletching
24:59 Bodkin Arrow
25:27 Hand Cart
25:35 Gold Mining
26:47 Bracer
26:30 Crossbowman
28:22 Heavy Plow
29:09 Padded Archer Armor
29:31 Shield Wall
30:13 Squires
30:14 Scale Mail Armor
30:03 Arbalester
30:27 Pikeman
31:10 Halberdier
33:07 Ballistics
32:32 Treadmill Crane
32:43 Guard Tower
33:13 Chain Mail Armor
37:57 Keep
38:01 Plate Mail Armor
37:46 Arrowslits
39:04 Chemistry
37:49 Arrowslits
41:04 Forging
41:12 Leather Archer Armor
Connection lost

Rejoining the realm…

Still unreachable

The connection could not be restored.

Session expired

The server has moved on; the page needs a fresh start.